[Event "*** Titled Tuesday Blitz"]
[Site "Chess.com"]
[Date "2020.05.05"]
[Round "8"]
[White "PowerThinking2650"]
[Black "Blagorod"]
[Result "1-0"]
[WhiteElo "2279"]
[BlackElo "2120"]
[TimeControl "180+1"]
[EndTime "11:36:52 PDT"]
[Termination "PowerThinking2650 won on time"]

1. e4 e5 2. Nf3 Nf6 3. Nc3 Bb4 4. Nxe5 O-O 5. Nd3 Bxc3 6. dxc3 Nxe4 7. Be2 d5 8. O-O Bf5 9. Nf4 c6 10. c4 dxc4 11.
Bxc4 b5 12. Bb3 Nc5 13. Be3 Nxb3 14. cxb3 Nd7 15. Rc1 Qf6 16. Bd4 Qg5 17. Qf3 Bg4 18. Qg3 c5 19. Be3 Qf5 20. h3 Bh5 21. Nxh5 Qxh5 22.
Rfd1 Rad8 23. Qc7 Qf5 24. Bxc5 Rfe8 25. Bxa7 h6 26. Bb6 Kh7 27. Be3 Qe6 28. Qd6 Qxd6 29.
Rxd6 Ne5 30. Rxd8 Rxd8 31. a4 bxa4 32. bxa4 Ra8 33. b3 Nd3 34. Rc3 Nb4 35. Rc4 Nd5 36.
Bd2 Kg6 37. a5 Kf6 38. b4 Ke6 39. b5 Kd6 40. Rc6+ Kd7 41. a6 Nc7 42. Rb6 Nxb5 43. Rxb5 Rxa6 44. Be3 Ra1+ 45. Kh2 Ke6 46. h4 Ra4 47. g3 Ra2 48. Kg2 Ra4 49. h5 Ra2 50. Kf3 Ra4 51. g4 Rc4 52. Rb6+ Ke7 53. Bf4 Rc3+ 54.
Be3 Rc4 55. Kg3 Ra4 56. f3 Rc4 57. Kf2 Ra4 58. Ke2 Ra2+ 59. Kd3 Ra4 60. Bd4 Ra3+ 61. Ke4 Ra2 62. Rb7+ Ke6 63. Bxg7 Re2+ 64. Kd3 Rf2 65. Ke3 Rf1 66. Bxh6 Re1+ 67. Kf4 Ra1 68. Rb6+ 1-0

[Event "*** Titled Tuesday Blitz"]
[Site "Chess.com"]
[Date "2020.05.05"]
[Round "8"]
[White "MFBerna"]
[Black "GM_DarwinLaylo"]
[Result "1-0"]
[WhiteElo "2357"]
[BlackElo "2517"]
[TimeControl "180+1"]
[EndTime "11:36:53 PDT"]
[Termination "MFBerna won on time"]

1. e4 c5 2. Nf3 e6 3. d4 cxd4 4. Nxd4 Bc5 5. Nb3 Bb6 6. Nc3 Ne7 7. Qe2 O-O 8. Be3 d5 9. O-O-O Nbc6 10. exd5 exd5 11.
Kb1 Be6 12. Na4 Bxe3 13. Qxe3 Re8 14. Nac5 Qc8 15. Bd3 b6 16. Nxe6 fxe6 17. Rhe1 e5 18. c3 e4 19. Bb5 a6 20. Be2 b5 21. Qc5 Ne5 22. Qxc8 Raxc8 23. Nd4 Rf8 24. f3 N7g6 25.
fxe4 dxe4 26. Bf1 Rf2 27. Rxe4 Nc4 28. Bxc4+ bxc4 29. Re2 Rf6 30. Rde1 h5 31. g3 Kh7 32. Re6 Rf2 33. R1e2 Rcf8 34. Rxf2 Rxf2 35. h4 Rf1+ 36. Kc2 Rg1 37. Rxa6 Rxg3 38. Ra7 Nxh4 39. a4 Rg2+ 40. Kb1 Ng6 41. a5 Ne5 42. a6 Nd3 43. Rb7 Rf2 44. a7 Rf1+ 45. Ka2 Rf8 46. Ne6 Ra8 47.
Rxg7+ Kh6 48. Rb7 h4 49. Nc7 Rxa7+ 50. Rxa7 h3 51. Ra8 Kh7 52. Ne6 h2 53. Ng5+ Kg6 54. Rh8 Kxg5 55. Rxh2 1-0

[Event "*** Titled Tuesday Blitz"]
[Site "Chess.com"]
[Date "2020.05.05"]
[Round "8"]
[White "Witik"]
[Black "Maghalashvili"]
[Result "1/2-1/2"]
[WhiteElo "2643"]
[BlackElo "2798"]
[TimeControl "180+1"]
[EndTime "11:36:54 PDT"]
[Termination "Game drawn - insufficient material"]

1. d4 Nf6 2. c4 c5 3. d5 g6 4. Nc3 Bg7 5. e4 O-O 6. f3 e6 7. Nge2 exd5 8. cxd5 d6 9. Ng3 Na6 10. Be2 Nc7 11. O-O Bd7 12. a4 Rb8 13. Bg5 h6 14.
Bf4 Qe7 15. Qd2 Kh7 16. Rab1 b5 17. e5 Nfe8 18. exd6 Nxd6 19. Nge4 Nxe4 20. Nxe4 Bd4+ 21. Kh1 Nxd5 22. Bxb8 Rxb8 23. Bxb5 Bxb5 24. axb5 Rxb5 25. Rfe1 Qh4 26. Nd6 Rxb2 27. Rxb2 Bxb2 28. Ne4 Bd4 29. g3 Qh5 30. Kg2 Qf5 31. h4 Kg7 32. Qd3 Qd7 33. Kh2 a5 34. Nxc5 Bxc5 35. Rd1 Qc7 36. Qxd5 Be7 37. Qd7 Qc2+ 38. Rd2 Qc1 39. Re2 Bc5 40. Rg2 Qe3 41. Qb5 Bb4 42. f4 Qf3 43. Qe5+ Kh7 44. Qf6 Kg8 45. Qd8+ Bf8 46. Qd4 h5 47. Rf2 Qb3 48. Qd2 a4 49. Qc2 Qb4 50. Re2 a3 51. f5 Qg4 52. fxg6 Qxg6 53. Qxg6+ fxg6 54. Re4 Bg7 55. Ra4 Bb2 56. Kg2 Kf7 57. Ra6 Ke7 58. Kf3 Kd7 59.
Ke4 Kc7 60. Kd3 Kb7 61. Ra4 Kb6 62. Kc2 Kb5 63. Ra8 Be5 64. Kb3 Bxg3 65. Rg8 Bxh4 66. Rxg6 Be7 67. Rh6 h4 68. Rxh4 Bxh4 69. Kxa3 1/2-1/2

[Event "*** Titled Tuesday Blitz"]
[Site "Chess.com"]
[Date "2020.05.05"]
[Round "8"]
[White "Stewie_89"]
[Black "Maybe00"]
[Result "1/2-1/2"]
[WhiteElo "2641"]
[BlackElo "2798"]
[TimeControl "180+1"]
[EndTime "11:36:54 PDT"]
[Termination "Game drawn - insufficient material"]

1. e4 e5 2. Nf3 Nc6 3. Bb5 a6 4.
Ba4 Nf6 5. d3 b5 6. Bb3 Bc5 7. O-O O-O 8. Nbd2 h6 9. h3 d6 10. c3 Bb6 11. Re1 Be6 12. Bc2 Re8 13. Nf1 d5 14. Qe2 dxe4 15. dxe4 Bc4 16. Qd1 Qxd1 17. Rxd1 Be2 18. Re1 Bxf3 19. gxf3 Nh5 20. Be3 Bxe3 21. fxe3 Rad8 22. Rad1 Na5 23. Kf2 Nc4 24. b3 Nb6 25. Rxd8 Rxd8 26. Rd1 Rxd1 27. Bxd1 c5 28. Nd2 Kf8 29. Be2 Ke7 30. c4 b4 31. f4 Nf6 32. Bg4 Kd6 33. Ke2 Nbd7 34.
Bxd7 Nxd7 35. Nf3 Ke6 36. Kd3 a5 37. Ke2 g6 38. Nd2 Nb8 39. Kf3 Nc6 40. Kg4 exf4 41. exf4 Nd4 42. Nf3 Ne2 43. f5+ gxf5+ 44. exf5+ Kf6 45.
Kh5 Nc1 46. Kxh6 Nxa2 47. Nd2 Nc1 48. h4 Kxf5 49. Kg7 Kg4 50. Kxf7 Kxh4 51. Ke6 Kg4 52. Kd5 Kf4 53. Kxc5 Ke3 54. Kb6 Kxd2 55. c5 a4 56.
c6 axb3 57. c7 b2 58. c8=Q b1=Q 59. Qc4 b3 60. Qf4+ Kc2 61. Qc4+ Kb2 62. Qd4+ Kc2 63.
Qc4+ Kd2 64. Qf4+ Ke2 65. Qg4+ Ke3 66. Qg3+ Kd4 67. Qd6+ Kc3 68. Qe5+ Kc4 69. Qc5+ Kd3 70. Qf5+ Kc3 71. Qxb1 b2 72. Kb5 Nb3 73. Qe1+ Nd2 74. Ka4 b1=Q 75. Qxb1 Nxb1 1/2-1/2

[Event "*** Titled Tuesday Blitz"]
[Site "Chess.com"]
[Date "2020.05.05"]
[Round "8"]
[White "Agnes66678"]
[Black "almatyonelove"]
[Result "0-1"]
[WhiteElo "2417"]
[BlackElo "2569"]
[TimeControl "180+1"]
[EndTime "11:36:54 PDT"]
[Termination "almatyonelove won by resignation"]

1. d4 Nf6 2. c4 e6 3. g3 d5 4. Nf3 a6 5. Bg2 dxc4 6. O-O Nc6 7. e3 Rb8 8. Nfd2 e5 9. Bxc6+ bxc6 10. dxe5 Ng4 11. Nxc4 Be6 12. Nbd2 Qd5 13. b3 Bb4 14.
Bb2 Rd8 15. Nf3 Qe4 16. Qe2 Bd5 17. h3 h5 18. a3 Be7 19. Ncd2 Qg6 20. e4 Be6 21.
Kg2 Bc5 22. b4 Bb6 23. hxg4 hxg4 24. Nh4 Qh6 25. Bc3 g5 26. Rh1 gxh4 27. Rxh4 Qg7 28. Rxh8+ Qxh8 29. Rh1 Qg7 30. Qxa6 Qg6 31. Qe2 Ke7 32.
a4 Bd4 33. Bxd4 Rxd4 34. Nf1 Rxe4 35. Ne3 Rxe3 36. fxe3 Bd5+ 37. Kg1 Qb1+ 38. Kf2 Qxh1 39. Qxg4 Qg2+ 40. Ke1 Qh1+ 41. Ke2 Qh2+ 42. Ke1 Qh6 43. e4 Qe3+ 44. Kf1 Bxe4 45. a5 Bf3 46. Qc4 Bd5 47.
Qg4 Qd3+ 48. Kf2 Qc2+ 49. Ke3 Qc3+ 50. Kf2 Qxe5 51. a6 Qb2+ 52. Kg1 Qa1+ 53. Kf2 Qxa6 54.
Qg5+ Kd7 55. Qf5+ Be6 56. Qc5 Qc4 57. Qf8 Qd4+ 58. Kf3 Qf6+ 59. Ke3 Qe7 60. Qh8 Qxb4 61. Qf6 Qc5+ 62. Kd2 Qd6+ 63. Kc3 c5 64. g4 Qg3+ 65. Kd2 Qxg4 66. Qe5 Qd4+ 67. Qxd4+ cxd4 0-1

[Event "*** Titled Tuesday Blitz"]
[Site "Chess.com"]
[Date "2020.05.05"]
[Round "8"]
[White "mishikomchedlishvili"]
[Black "vlad_Sid"]
[Result "1-0"]
[WhiteElo "2851"]
[BlackElo "2635"]
[TimeControl "180+1"]
[EndTime "11:36:55 PDT"]
[Termination "mishikomchedlishvili won by checkmate"]

1. d4 Nf6 2. Bg5 e6 3. e4 h6 4.
Bxf6 Qxf6 5. c3 d6 6. Bc4 g6 7.
Ne2 Bg7 8. O-O O-O 9. f4 Qe7 10.
e5 c5 11. Nd2 b6 12. Ng3 Bb7 13. Nf3 Nc6 14. Qe2 Rfd8 15. Rad1 Rac8 16. Bb3 cxd4 17. cxd4 Nb4 18. Ne4 dxe5 19. fxe5 Ba6 20. Qf2 Bxf1 21.
Rxf1 Rc7 22. Kh1 Nc6 23. Ba4 Qb4 24. Bxc6 Rxc6 25. Qh4 Rdc8 26. h3 Rc1 27. Rxc1 Rxc1+ 28. Kh2 g5 29. Qh5 Qxb2 30. Nf6+ Kf8 31. Ne4 Qb1 32. Nd6 Rh1+ 33. Kg3 Qg6 34. Qg4 h5 35. Qxg5 Bh6 36. Qxg6 fxg6 37. Nh4 Kg7 38. Ne8+ Kf7 39. Nd6+ Kg7 40.
Ne8+ Kf8 41. Nd6 g5 42. Ng6+ Kg7 43. Ne7 Ra1 44. d5 exd5 45. Nef5+ Kf8 46. Nxh6 Rxa2 47. Kf3 Ra3+ 48. Kf2 b5 49. Nhf5 Ra2+ 50. Ke3 b4 51. e6 Ra3+ 52. Kd4 Kg8 53. e7 Ra1 54. e8=Q+ Kh7 55. Qf7+ Kh8 56. Qg7# 1-0

[Event "*** Titled Tuesday Blitz"]
[Site "Chess.com"]
[Date "2020.05.05"]
[Round "8"]
[White "DivyaDeshmukh23"]
[Black "hongnhung1234"]
[Result "1-0"]
[WhiteElo "2405"]
[BlackElo "2225"]
[TimeControl "180+1"]
[EndTime "11:36:55 PDT"]
[Termination "DivyaDeshmukh23 won by checkmate"]

1. e4 c5 2. Nf3 e6 3. d4 cxd4 4.
Nxd4 Nc6 5. Nc3 Qc7 6. Be3 a6 7. Be2 Nf6 8. O-O Be7 9. f4 d6 10. Bf3 O-O 11. Qd2 Nxd4 12. Bxd4 Bd7 13. Rad1 Bc6 14.
Qf2 b5 15. a3 Qb7 16. Rfe1 b4 17. axb4 Qxb4 18. e5 Nd5 19. Nxd5 Bxd5 20. Bxd5 exd5 21. Bc3 Qb7 22. exd6 Bxd6 23. Qd4 f6 24. Re6 Rad8 25. Kh1 Rfe8 26. Rxe8+ Rxe8 27. g3 Bc7 28. Qxd5+ Qxd5+ 29. Rxd5 Re2 30. Rc5 Bd6 31. Rc6 Be7 32. Rxa6 Rxc2 33. Ra7 Bc5 34. Rc7 Bd6 35. Rc6 Be7 36. Re6 Kf7 37.
Re1 Bc5 38. Rd1 Ke6 39. h3 Bd6 40. Kg1 Bc5+ 41. Kf1 Bf2 42. g4 Bg3 43. f5+ Ke7 44.
Rd3 Bf4 45. Rf3 Bd6 46. Re3+ Kd7 47. Rd3 Kc6 48. g5 fxg5 49. Bxg7 Bc5 50. f6 Rxb2 51. Rf3 Rb1+ 52. Kg2 Rb2+ 53. Kg3 Bd6+ 54. Kg4 Rg2+ 55. Kh5 Kd7 56. f7 Ke6 57. Rf6+ Kd7 58. Rxd6+ Kxd6 59. f8=Q+ Kd5 60. Qf3+ Ke6 61. Qxg2 Kf7 62. Qxg5 Kg8 63. Bf6+ Kf8 64. Qg7+ Ke8 65. Qe7# 1-0

[Event "*** Titled Tuesday Blitz"]
[Site "Chess.com"]
[Date "2020.05.05"]
[Round "8"]
[White "agrigo3"]
[Black "madalin18"]
[Result "0-1"]
[WhiteElo "2297"]
[BlackElo "2168"]
[TimeControl "180+1"]
[EndTime "11:36:55 PDT"]
[Termination "madalin18 won on time"]

1. Nf3 Nf6 2. g3 g6 3. Bg2 Bg7 4. O-O O-O 5. d3 d6 6. e4 e5 7. a4 c6 8. Nbd2 h6 9. Nc4 Be6 10. Qe2 Qd7 11. Re1 Na6 12. Bd2 Rad8 13. b4 Bh3 14. Bh1 Nh5 15. Rab1 Nc7 16. c3 Ne6 17. Be3 b5 18. Ncd2 Nef4 19. Bxf4 Nxf4 20. Qe3 Qg4 21.
Nf1 d5 22. exd5 cxd5 23. d4 exd4 24. Qxf4 Qxf4 25. gxf4 dxc3 26. Ne5 d4 27. Be4 Bxe5 28. fxe5 Bxf1 29. Kxf1 d3 30. Rec1 c2 31. Ra1 d2 32.
Rxc2 d1=Q+ 33. Rxd1 Rxd1+ 34. Ke2 Rfd8 35. axb5 R1d4 36.
Bc6 Rxb4 37. Ra2 Kg7 38. Rxa7 Rb2+ 39. Kf3 Rd3+ 40. Ke4 Rdd2 41. e6 Re2+ 42. Kd3 Rxe6 43. Bd5 Rd6 44. Kc4 Rxf2 45. b6 Rxb6 46. Kc5 Rb1 47. Bc4 Rc1 48. Kd5 Rd2+ 49. Kc5 Rxc4+ 50. Kxc4 g5 51. h3 Kg6 52. Ra3 f5 53. Kc3 Rd7 54. Ra6+ Kh5 55. Kc4 f4 56. Rf6 Rd1 57. Rf5 Kh4 58. Rf6 Kg3 59. Rxh6 f3 60. Rg6 Kf4 61. Rf6+ Ke3 62. Re6+ Kf4 63. Rf6+ Kg3 64. Rf5 f2 65.
Rxg5+ Kxh3 66. Rf5 f1=Q+ 0-1

[Event "*** Titled Tuesday Blitz"]
[Site "Chess.com"]
[Date "2020.05.05"]
[Round "8"]
[White "dragos420"]
[Black "floplover"]
[Result "0-1"]
[WhiteElo "2499"]
[BlackElo "2307"]
[TimeControl "180+1"]
[EndTime "11:36:56 PDT"]
[Termination "floplover won by checkmate"]

1. e4 c6 2. Nc3 d5 3. Qf3 dxe4 4. Nxe4 Nf6 5. Nxf6+ exf6 6. Ne2 Bd6 7. Ng3 O-O 8. d4 Re8+ 9. Be3 g6 10. O-O-O Qa5 11. Kb1 Be6 12. b3 Nd7 13. Ne4 Be7 14. h4 Bd5 15. c4 Bxe4+ 16. Qxe4 f5 17. Qc2 Bf8 18. h5 Bg7 19. hxg6 hxg6 20. Bd3 Nf6 21. Bd2 Qb6 22.
Rh4 Rad8 23. f3 c5 24. d5 Nxd5 25. Bg5 Nb4 26. Bxd8 Qxd8 27. Qf2 Qf6 28. Rd4 Qxd4 29. Qxd4 Bxd4 30. Bf1 Nc6 31. a3 Bf2 32. Kc2 Re1 33.
Rxe1 Bxe1 34. g4 fxg4 35. fxg4 f6 36. Bg2 Bg3 37. Kd3 Ne5+ 38. Ke2 b6 39. Bd5+ Kg7 40. b4 Nxg4 41. Kf3 Ne5+ 42. Kxg3 f5 43. Kf4 Kf6 44. bxc5 g5+ 45. Kg3 bxc5 46. Kf2 f4 47. Kg2 Kf5 48. Kf2 g4 49. Kg2 f3+ 50. Kg3 Nd3 51. Bb7 Nb2 52. Bc8+ Ke5 53. Bxg4 Nxc4 54.
Bxf3 Nxa3 55. Kf2 Kd4 56. Ke1 Kc3 57. Kd1 c4 58. Kc1 Nb5 59. Bc6 Nd4 60. Ba4 a5 61.
Bd1 Nb3+ 62. Kb1 a4 63. Ka2 Kd2 64. Bh5 c3 65. Bg6 Nc5 66. Ka3 Nd3 67. Kxa4 c2 68.
Bxd3 Kxd3 69. Kb3 c1=Q 70. Kb4 Kd4 71. Kb3 Qc3+ 72. Ka4 Qb2 73. Ka5 Kc5 74. Ka4 Qb4# 0-1

[Event "*** Titled Tuesday Blitz"]
[Site "Chess.com"]
[Date "2020.05.05"]
[Round "8"]
[White "PetrolulSah"]
[Black "picturesquecheck"]
[Result "0-1"]
[WhiteElo "2250"]
[BlackElo "2093"]
[TimeControl "180+1"]
[EndTime "11:36:57 PDT"]
[Termination "picturesquecheck won on time"]

1. d4 Nf6 2. c4 e6 3. Nf3 d5 4. g3 Bb4+ 5. Bd2 Be7 6. Bg2 O-O 7. O-O c6 8. Qc2 b6 9. b3 Bb7 10. Nc3 Nbd7 11. e4 dxe4 12. Nxe4 c5 13. Nxf6+ Bxf6 14. Bc3 cxd4 15. Nxd4 Bxg2 16. Kxg2 Qc7 17. Rad1 Qb7+ 18.
Kg1 Rfd8 19. Nb5 Ne5 20. Bxe5 Bxe5 21. f4 Bf6 22. Nd6 Qc6 23. Ne4 Be7 24. Qg2 Kf8 25. h4 Rac8 26. Ng5 Qxg2+ 27. Kxg2 h6 28. Nf3 Bf6 29.
Kf2 h5 30. Ke3 g6 31. Ne5 Bxe5 32. fxe5 Ke7 33. a4 Rxd1 34. Rxd1 Rc5 35. Ke4 Rc6 36. g4 hxg4 37. Rg1 a6 38. Rxg4 b5 39. cxb5 axb5 40.
axb5 Rc5 41. Kd4 Rxb5 42. Rg3 Rb4+ 43. Kc5 Rxh4 44. b4 Re4 45. Rg5 f6 46. exf6+ Kxf6 47. Rg1 g5 48. b5 Re2 49. Rb1 Rc2+ 50.
Kd6 Rd2+ 51. Kc7 Rc2+ 52. Kd7 Rd2+ 53. Kc7 Rc2+ 54. Kb8 g4 55. b6 Rh2 56. b7 Rh8+ 57. Ka7 Kg5 58. Rc1 g3 59. Rc8 g2 60. Rc1 Kg4 61. b8=Q Rxb8 62. Kxb8 Kf3 63. Rc3+ Kf2 64.
Rc2+ Kg3 65. Rc1 e5 66. Kc7 e4 67. Kd6 e3 68. Kd5 e2 69. Ke4 Kf2 70. Kd3 e1=Q 0-1

[Event "*** Titled Tuesday Blitz"]
[Site "Chess.com"]
[Date "2020.05.05"]
[Round "8"]
[White "platy3"]
[Black "StegariuVlad"]
[Result "1-0"]
[WhiteElo "2718"]
[BlackElo "2538"]
[TimeControl "180+1"]
[EndTime "11:36:58 PDT"]
[Termination "platy3 won by checkmate"]

1. e4 e5 2. Nf3 Nc6 3. Bb5 a6 4. Ba4 Nf6 5. O-O Be7 6. Re1 b5 7. Bb3 d6 8. c3 O-O 9. h3 Na5 10. Bc2 c5 11. d4 cxd4 12. cxd4 Qc7 13. Nbd2 Bb7 14. d5 Rac8 15. Bd3 Nc4 16. b3 Nxd2 17.
Bxd2 Nd7 18. a4 Nc5 19. Bf1 Ra8 20. axb5 axb5 21. Rxa8 Rxa8 22. Bxb5 Qb6 23. Bc4 Ba6 24. Be3 Bxc4 25. bxc4 Qb4 26. Qc2 f5 27. exf5 e4 28.
Nd2 Nd3 29. Rb1 Qa3 30. Nxe4 Ne5 31. c5 dxc5 32. d6 Bf8 33. Bxc5 Qa6 34. Qb3+ Kh8 35. Qd5 Qd3 36. Qxa8 Qxb1+ 37. Kh2 Nd7 38. Qe8 h6 39. f6 Kh7 40. Bd4 Qd3 41. fxg7 Qxd4 42. gxf8=Q Nxf8 43. Qf7+ Qg7 44. Nf6+ Kh8 45. Qxg7+ Kxg7 46. d7 Ne6 47. Ne4 Nd8 48. g4 Kf7 49. Kg3 Ke6 50. Kh4 Kxd7 51. Kh5 Nf7 52. Kg6 Ke7 53. f4 Kf8 54. Nf6 Nd6 55.
Kxh6 Kf7 56. Kg5 Nb5 57. Ne4 Nd4 58. f5 Kg7 59. Kf4 Kh6 60. h4 Kg7 61. g5 Nc6 62. h5 Kh7 63. f6 Kg8 64. Kf5 Nd4+ 65. Kg6 Ne6 66. Kf5 Nf8 67. g6 Kh8 68. h6 Nd7 69. Ng5 Kg8 70. h7+ Kh8 71. Nf7# 1-0

[Event "*** Titled Tuesday Blitz"]
[Site "Chess.com"]
[Date "2020.05.05"]
[Round "8"]
[White "zmeeed67"]
[Black "CSB7"]
[Result "1/2-1/2"]
[WhiteElo "2404"]
[BlackElo "2538"]
[TimeControl "180+1"]
[EndTime "11:36:59 PDT"]
[Termination "Game drawn - insufficient material"]

1. d4 Nf6 2. c4 e6 3. Nc3 Bb4 4.
f3 c5 5. d5 O-O 6. e4 b5 7.
Bd2 d6 8. Nxb5 Na6 9. Bd3 Rb8 10. Ne2 Bxd2+ 11. Qxd2 Nb4 12. b3 exd5 13. exd5 Re8 14. O-O a6 15. Nbc3 Nxd3 16. Qxd3 Bd7 17. Rfe1 a5 18. Ng3 Qb6 19. Nce4 Nxe4 20. Rxe4 a4 21.
Rae1 Rxe4 22. Nxe4 axb3 23. axb3 Bf5 24. Nf6+ gxf6 25.
Qxf5 Qxb3 26. Qxf6 Qxc4 27. Re4 Qc1+ 28. Kf2 Qb2+ 29.
Qxb2 Rxb2+ 30. Kg3 Rd2 31. Kf4 Rxd5 32. g4 Kg7 33. h4 h5 34. g5 Kg6 35. Ke3 f6 36. f4 fxg5 37. fxg5 Kf5 38. Re8 Re5+ 39. Rxe5+ Kxe5 40. Kd3 d5 41. Ke3 d4+ 42. Kd3 Kd5 43. Kd2 c4 44. Kc2 Ke5 45. Kd2 Kf5 46. Ke2 c3 47.
Kd3 Kg6 48. Kc2 Kf5 49. Kd3 Ke5 50. Kc2 Kd6 51. Kd3 Kd5 52. Kc2 Ke6 53. Kd3 Kd5 54.
Kc2 Kc4 55. g6 d3+ 56. Kd1 Kb3 57. g7 Kb2 58. g8=Q c2+ 59. Kd2 c1=Q+ 60. Kxd3 Qc3+ 61. Ke4 Qb4+ 62. Kf5 Qxh4 63. Qb8+ Kc2 64. Qc7+ Kd2 65. Qf4+ Qxf4+ 66. Kxf4 h4 67. Kg4 h3 68. Kxh3 1/2-1/2

[Event "*** Titled Tuesday Blitz"]
[Site "Chess.com"]
[Date "2020.05.05"]
[Round "8"]
[White "Olga_Zhuravleva"]
[Black "Kaliopa"]
[Result "1-0"]
[WhiteElo "2268"]
[BlackElo "2095"]
[TimeControl "180+1"]
[EndTime "11:37:00 PDT"]
[Termination "Olga_Zhuravleva won by resignation"]

1. e4 c5 2. Nf3 Nc6 3. Nc3 Nf6 4. e5 Ng4 5. Qe2 f6 6. exf6 Nxf6 7. d4 cxd4 8. Nb5 d6 9. Nbxd4 e5 10. Nxc6 bxc6 11.
Bg5 Be7 12. O-O-O Qa5 13. a3 Be6 14. Qa6 Qxa6 15. Bxa6 Rb8 16. Rhe1 Nd5 17. Bxe7 Kxe7 18. Bc4 Nc7 19. Bxe6 Nxe6 20. Re3 Rhf8 21. b3 Rf7 22.
Rd2 Rbf8 23. Rc3 c5 24. b4 h6 25. bxc5 Nxc5 26. Nxe5 Rf6 27. Rxc5 dxc5 28. Nd7 Rxf2 29. Nxf8 Rxf8 30. Re2+ Kd6 31. Kb2 Rf1 32. Kc3 Ra1 33.
Kb2 Rh1 34. h3 Rf1 35. Kb3 Rf5 36. Kc4 Rf4+ 37. Kb5 Rf7 38. Rd2+ Ke5 39. Kxc5 Rc7+ 40. Kb5 Rb7+ 41. Ka6 Rf7 42. c4 Ke4 43. c5 Ke3 44. Rd6 Rc7 45. c6 Ke4 46. Kb5 Ke5 47. Rd7 Rc8 48.
Rxa7 g5 49. Rh7 Kf4 50. a4 Kg3 51. Rxh6 Kxg2 52. Rg6 Kxh3 53. Rxg5 Kh4 54. Rg7 Rf8 55. a5 Rf1 56. Kb6 Rb1+ 57. Kc7 Kh5 58. a6 Kh6 59. Rg4 Ra1 60. Kb7 Rb1+ 61. Ka7 Rc1 62. Kb6 Kh5 63. Rb4 Kg5 64. c7 Kf6 65. a7 Ke6 66. a8=Q Ke5 67.
Qe8+ Kf6 68. Rf4+ Kg5 69. Qe5+ Kg6 70. Rf6+ Kg7 71. Qe7+ 1-0

[Event "*** Titled Tuesday Blitz"]
[Site "Chess.com"]
[Date "2020.05.05"]
[Round "8"]
[White "Andrei_Belozerov"]
[Black "Anuar_Is"]
[Result "1/2-1/2"]
[WhiteElo "2585"]
[BlackElo "2760"]
[TimeControl "180+1"]
[EndTime "11:37:01 PDT"]
[Termination "Game drawn - insufficient material"]

1. e4 c5 2. Nf3 Nc6 3. d4 cxd4 4.
Nxd4 Nf6 5. Nc3 e5 6. Ndb5 d6 7. Bg5 a6 8. Na3 b5 9. Nd5 Be7 10. Bxf6 Bxf6 11. c3 Rb8 12. Nc2 Bg5 13. Be2 O-O 14.
O-O Be6 15. Qd3 a5 16. Na3 b4 17. Nb5 bxc3 18. bxc3 Ne7 19. Nbc7 Qd7 20. Rab1 Nxd5 21. Nxd5 Qc6 22. Rfd1 Rfc8 23. c4 g6 24. Rb5 Rxb5 25.
cxb5 Qc5 26. g3 Bd8 27. Kg2 Kg7 28. h3 Qc2 29. Bg4 Bxg4 30. hxg4 Qxa2 31. b6 Rb8 32. Qb5 a4 33. Rd3 a3 34. Rf3 Bg5 35. Qd7 Rf8 36.
b7 Qb2 37. Qxd6 Qxb7 38. Qxa3 h6 39. Qd6 Qb8 40. Qd7 Qb1 41. Nc3 Qb4 42. Qd5 Qd4 43. Qxd4 exd4 44. Nb5 Re8 45. Rd3 Rxe4 46. Rxd4 Rxd4 47.
Nxd4 Bf6 48. Nc6 Bc3 49. f4 h5 50. gxh5 gxh5 51. Kh3 Kh6 52. Nd8 f6 53. Ne6 Be1 54. Nd4 Bc3 55. Nf3 Bb4 56. Nh4 Be1 57. Kg2 Bd2 58. Kf3 Bc3 59. Nf5+ Kg6 60. Ke4 Be1 61. Nh4+ Kf7 62. Kf3 Ke6 63. Kg2 Bd2 64. Kh3 Kf7 65. Ng2 Bc3 66. Ne3 Kg6 67. Nd5 Be1 68. Kh4 Kf5 69. Ne7+ Ke4 70. Ng8 Kf3 71. Nxf6 Bxg3+ 72. Kxh5 Bxf4 1/2-1/2

[Event "*** Titled Tuesday Blitz"]
[Site "Chess.com"]
[Date "2020.05.05"]
[Round "8"]
[White "TerorPtica"]
[Black "ArnaudovP"]
[Result "0-1"]
[WhiteElo "2761"]
[BlackElo "2612"]
[TimeControl "180+1"]
[EndTime "11:37:04 PDT"]
[Termination "ArnaudovP won on time"]

1. d4 Nf6 2. c4 Nc6 3. Nf3 e6 4. a3 d6 5. Nc3 g6 6. e4 Bg7 7.
Be2 O-O 8. O-O Re8 9. h3 e5 10. dxe5 Nxe5 11. Be3 Nxf3+ 12. Bxf3 Be6 13. Be2 Nd7 14.
Qc2 Qh4 15. Rfd1 a6 16. Rac1 Rac8 17. Bf1 Nc5 18. b4 Nd7 19. g3 Qh5 20. g4 Qh4 21. Nd5 Ne5 22. Bg2 h5 23. f4 Qg3 24. fxe5 Bxe5 25.
Qf2 Qh2+ 26. Kf1 hxg4 27. hxg4 Bxg4 28. Nf6+ Bxf6 29. Qxf6 Bh3 30. Qf3 Bxg2+ 31. Qxg2 Qh4 32. Bg5 Qxe4 33. Qxe4 Rxe4 34. c5 f6 35. Bd2 dxc5 36.
bxc5 Rce8 37. Be1 Rf4+ 38. Bf2 Kf7 39. Rd7+ Re7 40. c6 b6 41. Rcd1 Re4 42. Rxe7+ Rxe7 43. Bg3 Ke8 44. Kf2 Re6 45. Bxc7 Rxc6 46. Bf4 g5 47. Be3 Kf7 48. Rd7+ Ke6 49. Rb7 b5 50. Ra7 Kd5 51.
Ke2 Kc4 52. Bd2 Kb3 53. Bb4 Kc4 54. Ra8 Kd5 55. Kd3 Ke5 56. Re8+ Kf4 57. Kd4 Kf3 58.
Kd5 Rc2 59. Re6 f5 60. Rxa6 g4 61. Ra5 f4 62. Rxb5 g3 63. Bc5 g2 64. Rb3+ Kg4 65.
Rb1 Rxc5+ 66. Kxc5 f3 67. Kd4 f2 0-1

[Event "*** Titled Tuesday Blitz"]
[Site "Chess.com"]
[Date "2020.05.05"]
[Round "8"]
[White "DonPreuss"]
[Black "seastar"]
[Result "1/2-1/2"]
[WhiteElo "2168"]
[BlackElo "2104"]
[TimeControl "180+1"]
[EndTime "11:37:08 PDT"]
[Termination "Game drawn - insufficient material"]

1. d4 Nf6 2. Nc3 c5 3. d5 e6 4.
e4 exd5 5. exd5 Qe7+ 6. Be2 a6 7. Nf3 g6 8. Bg5 d6 9. O-O h6 10. Bh4 Bg7 11. Bd3 O-O 12. Re1 Qc7 13. Qd2 Bg4 14. Qf4 Bxf3 15. Qxf3 Nbd7 16. Re7 Rae8 17. Rae1 Qc8 18.
Qg3 Ne5 19. Rxe8 Rxe8 20. f4 Nxd3 21. Rxe8+ Qxe8 22. Qxd3 Ng4 23. h3 Qe3+ 24. Qxe3 Nxe3 25. Ne4 Nxd5 26. Nxd6 b5 27. c3 Nxf4 28. Bf2 Nd3 29. Nb7 c4 30. Nc5 Nxb2 31. Nxa6 Bxc3 32. Bc5 Nd3 33.
Bd6 Bd4+ 34. Kf1 c3 35. Ke2 c2 36. Kd2 Ne5 37. Kxc2 Nc4 38. Bb4 Ne3+ 39. Kd3 Bb6 40.
g4 Nd5 41. Bd2 Kg7 42. Nb8 f5 43. gxf5 gxf5 44. Nd7 Kg6 45. Ne5+ Kh5 46. Nf3 b4 47. Kc2 Ne3+ 48. Kb3 Nd5 49. Bxb4 Nxb4 50. Kxb4 Bf2 51.
a4 f4 52. a5 Kg6 53. a6 Kf5 54. Kc4 Ke4 55. Nd2+ Kf5 56. Nb3 Ba7 57. Kd5 f3 58.
Nd2 Kf4 59. Nf1 f2 60. h4 Kf3 61. h5 Kg2 62. Nd2 f1=Q 63. Nxf1 Kxf1 64. Ke4 Kg2 65. Kf5 Kh3 66. Kg6 Be3 67. Kh7 Kh4 68. a7 Bxa7 69. Kxh6 Be3+ 70. Kg6 Kg4 71. h6 Bxh6 1/2-1/2

[Event "*** Titled Tuesday Blitz"]
[Site "Chess.com"]
[Date "2020.05.05"]
[Round "8"]
[White "Azeryahu"]
[Black "AlexTriapishko"]
[Result "0-1"]
[WhiteElo "2888"]
[BlackElo "2775"]
[TimeControl "180+1"]
[EndTime "11:37:11 PDT"]
[Termination "AlexTriapishko won by resignation"]

1. e4 e5 2. Nc3 Nc6 3. Bc4 Nf6 4. d3 Na5 5. Qf3 Bc5 6. Nge2 d6 7. h3 Nxc4 8. dxc4 h6 9. a4 c6 10. O-O Be6 11.
b3 a5 12. Be3 Nd7 13. Qg3 g5 14. Rfd1 Qe7 15. Rd3 f5 16. exf5 Bxf5 17. Rd2 Bb4 18. Rc1 Nf6 19. Bb6 O-O 20. Rdd1 Nh5 21. Qe3 Ra6 22. Rf1 Nf4 23. Kh2 Rfa8 24. Ng3 Bg6 25. Nce4 d5 26. Bc5 Bxc5 27. Qxc5 Qxc5 28. Nxc5 R6a7 29. Rfe1 e4 30. Rcd1 b6 31. cxd5 cxd5 32. Ncxe4 dxe4 33. Nxe4 Bxe4 34. Rxe4 Rg7 35. Rd6 Kh7 36.
Rxb6 Rd8 37. g3 Nd5 38. Rc6 Nb4 39. Re2 Nxc6 40. c3 Re7 41. Rb2 Re1 42. b4 axb4 43. cxb4 Ra8 44. b5 Ne5 45. b6 Nc4 46. Rb4 Nxb6 47.
Rxb6 Rxa4 48. Kg2 Re7 49. Rf6 Raa7 50. Rb6 Kg7 51. Rb4 Rf7 52. h4 Ra2 53. hxg5 Raxf2+ 54. Kh3 hxg5 55. Kg4 Kg6 56. Rb5 R2f5 57. Rb8 Rd5 58. Rb4 Rfd7 59. Rb6+ R7d6 60. Rb7 Rd4+ 61. Kh3 g4+ 62.
Kh4 Kf5 63. Rf7+ Rf6 64. Rh7 Rd1 65. Rh5+ Ke4 66. Kxg4 Rg6+ 0-1

[Event "*** Titled Tuesday Blitz"]
[Site "Chess.com"]
[Date "2020.05.05"]
[Round "8"]
[White "GHANDEEVAM2003"]
[Black "Spartakus1975"]
[Result "1-0"]
[WhiteElo "2886"]
[BlackElo "2744"]
[TimeControl "180+1"]
[EndTime "11:37:11 PDT"]
[Termination "GHANDEEVAM2003 won on time"]

1. d4 d5 2. c4 c6 3. Nf3 Nf6 4. Nc3 a6 5. e3 Bf5 6. Qb3 b5 7. cxb5 axb5 8. Bd2 e6 9. Ne2 Ne4 10. Ng3 Bd6 11. Be2 O-O 12. O-O Bg4 13. Qd1 Bxg3 14.
hxg3 Nd7 15. Ne1 Bxe2 16. Qxe2 c5 17. dxc5 Nxd2 18. Qxd2 Nxc5 19. Nc2 Qb6 20. Rfc1 Ne4 21. Qd3 Rfc8 22. Nd4 b4 23. Qb3 Nc5 24. Qd1 h6 25.
Rc2 Ne4 26. a4 bxa3 27. bxa3 e5 28. Rxc8+ Rxc8 29. Nf5 Qf6 30. Qf3 Rc2 31. Nh4 Rxf2 32. Qxf6 Rxf6 33. a4 Nxg3 34. Nf3 Nf5 35. a5 Ra6 36. Kf2 e4 37. Ne5 Nd6 38. Nd7 Nc4 39. Rb1 g5 40. Rb7 Kg7 41. Nc5 Rf6+ 42. Ke2 Nxa5 43. Rd7 Rf5 44. Ne6+ Kg6 45. Nd4 Rf6 46.
Rxd5 Nc6 47. Nb5 h5 48. Nd6 Re6 49. Nc4 h4 50. Rc5 Ne7 51. Ne5+ Kg7 52. Ng4 Ng6 53. Rxg5 Ra6 54. Nf2 Ra2+ 55. Kf1 Kf6 56. Nxe4+ Ke6 57. Rb5 Ne5 58. Ng5+ Kf6 59. Nh7+ Ke6 60. Ng5+ Kf6 61. Ne4+ Ke6 62. Nf2 f5 63. Rb6+ Kd5 64. Rb5+ Kd6 65. Rb4 Kd5 66. Rxh4 1-0